 Dungeon Crawl Stone Soup version 0.17-a0-1105-gbe8b664 (webtiles) character file.

127 HEYYEYAAE the Shield-Bearer (level 5, -5/36 HPs)
             Began as an Octopode Fighter on May 21, 2015.
             Killed from afar by Baka's ghost (9 damage)
             ... with a puff of flame
             ... on level 4 of the Dungeon.
             The game lasted 00:02:58 (1966 turns).

HEYYEYAAE the Shield-Bearer (Octopode Fighter)      Turns: 1966, Time: 00:02:59

Health: -5/36      AC:  1    Str: 16    XL:     5   Next: 11%
Magic:  5/5        EV: 11    Int: 10    God:
Gold:   157        SH:  9    Dex: 12    Spells: 0 memorised, 4 levels left

rFire  . . .     SeeInvis .     a - +0 war axe
rCold  . . .     Clarity  .     b - +0 shield
rNeg   . . .     SustAb   .     (helmet restricted)
rPois  .         Gourm    .     (no amulet)
rElec  .         Spirit   .     (no ring)
rCorr  .         Warding  .     (no ring)
rMut   .         Stasis   .     (no ring)
MR     .....                    (no ring)
Stlth  ++........               (no ring)
                                (no ring)
                                (no ring)
                                (no ring)

@: not resistant to hostile enchantments, unstealthy
A: almost no armour, amphibious, 8 rings, constrict 8, camouflage 1, gelatinous
body 1
a: no special abilities


You were on level 4 of the Dungeon.
You were not hungry.

You visited 1 branch of the dungeon, and saw 4 of its levels.

You collected 157 gold pieces.

Inventory:

Hand weapons
 a - a +0 war axe (weapon)
Armour
 b - a +0 shield (worn)
Jewellery
 d - an uncursed ring of fire
Scrolls
 f - 2 scrolls of amnesia {unknown}
 h - a scroll of noise {unknown}
 i - a scroll of enchant armour {unknown}
 k - 2 scrolls of random uselessness {unknown}
 l - 4 scrolls of remove curse {unknown}
 m - a scroll of immolation {unknown}
 n - 2 scrolls of teleportation {unknown}
 q - 4 scrolls of identify {unknown}
 u - a scroll of magic mapping {unknown}
 v - a scroll of recharging {unknown}
Potions
 c - 2 potions of might
 e - 5 potions of curing {unknown}
 g - 2 potions of brilliance {unknown}
 j - a potion of haste {unknown}
 o - 2 potions of poison {unknown}
 p - 2 potions of heal wounds {unknown}
 r - a potion of lignification {unknown}
 s - a potion of resistance {unknown}
 t - a potion of cancellation {unknown}


   Skills:
 + Level 3.4 Fighting
 + Level 2.8 Axes
 * Level 3.9 Dodging
 * Level 4.2 Shields


You had 4 spell levels left.
You didn't know any spells.

Dungeon Overview and Level Annotations

Branches:
Dungeon (4/15)
 Temple: D:4-7

Altars:
Okawaru
Qazlal
Ru

Annotations:
D:3 Baka's ghost, average DEFE
D:4 Baka's ghost, average DEFE


Innate Abilities, Weirdness & Mutations

You cannot wear most types of armour.
You are amphibious.
You can wear up to eight rings at the same time.
You can use your tentacles to constrict eight enemies at once.
Your skin changes colour to match your surroundings (Stealth).
Your rubbery body absorbs attacks (AC +1).


Message History

Your shield prevents you from hitting Baka's ghost.
Baka's ghost points at you and mumbles some strange words.
The puff of flame hits you! You block Baka's ghost's attack.
You miss Baka's ghost. You squeeze Baka's ghost.
Baka's ghost is lightly damaged.
Baka's ghost casts a spell at you. The flame tongue hits you!
You barely miss Baka's ghost.
Baka's ghost is lightly damaged.
You block Baka's ghost's attack.
Baka's ghost says, "You will never get the ORB!"
Baka's ghost casts a spell at you. The flame tongue hits you!
* * * LOW HITPOINT WARNING * * *
Baka's ghost casts a spell at you. The puff of flame hits you!
* * * LOW HITPOINT WARNING * * *
Baka's ghost casts a spell at you. The puff of flame hits you!
You die...

......# .#
.....#.##..## .......
.).. #.... ...( #..#
..# #.W#...###
#..#.....# #.........
#.@.[..... #.#.......#
#.#.......#
#.........#
##........# #........#
## . ##.#.....###..
....#...........
............†..######.


You could see Baka's ghost.

Vanquished Creatures
  5 adders
  2 oozes
  2 worms
  2 giant geckos
  5 orcs (D:3)
  2 ball pythons
  8 bats
  4 goblins
  9 hobgoblins
  4 jackals (D:2)
  10 kobolds
  2 quokkas (D:2)
  3 giant newts
  A jackal skeleton (D:4)
  5 rats
64 creatures vanquished.

Notes
Turn   | Place    | Note
--------------------------------------------------------------
     0 | D:1      | HEYYEYAAE the Octopode Fighter began the quest for the Orb.
     0 | D:1      | Reached XP level 1. HP: 16/16 MP: 1/1
    57 | D:1      | Reached XP level 2. HP: 14/21 MP: 2/2
   462 | D:1      | Reached XP level 3. HP: 19/26 MP: 3/3
  1037 | D:2      | Noticed a fire elemental
  1038 | D:2      | Found a stormy altar of Qazlal.
  1040 | D:2      | Noticed an earth elemental
  1040 | D:2      | Noticed a water elemental
  1040 | D:2      | Noticed an air elemental
  1131 | D:2      | Found a sacrificial altar of Ru.
  1302 | D:2      | Reached XP level 4. HP: 25/31 MP: 4/4
  1555 | D:3      | Reached skill level 4 in Shields
  1572 | D:3      | Found an iron altar of Okawaru.
  1783 | D:3      | Reached XP level 5. HP: 25/36 MP: 5/5
  1894 | D:3      | Noticed Baka's ghost (average DEFE)
  1958 | D:4      | Noticed Baka's ghost (average DEFE)
  1966 | D:4      | Killed from afar by Baka's ghost

Vault maps used:
D:1:      dpeg_chamrin_arrival_tetris, serial_forest,
          infiniplex_forest_lined_corner, infiniplex_forest_lined_corner,
          infiniplex_forest_corner_2, infiniplex_forest_fountain,
          infiniplex_forest_lined_1, infiniplex_forest_lined_corner,
          infiniplex_forest_zigzag_1, infiniplex_forest_lined_2,
          infiniplex_forest_lined_2, minmay_statues_item, glass_columns_a
D:2:      nicolae_qazlal_style_of_elements, nicolae_ru_the_path_less_chosen
D:3:      okawaru_metal_pillars_3
D:4:      makhleb_altar_promises_db, fiery_altar_vehumet, first_bread,
          serial_shops, shop, uniq_sigmund, uniq_blork_the_orc

Action                   |  1- 3 |  4- 6 || total
-------------------------+-------+-------++-------
Melee: War axe           |    72 |    55 ||   127
 Stab: Sleeping          |     4 |       ||     4
  Eat: Bread ration      |     1 |       ||     1
